 Dungeon Crawl Stone Soup version 0.29.1-2-gbd0b4ee654 (webtiles) character file.

Game seed: 3305575838695251048

66 MaxHasHax6295 the Chopper (level 3, 0/33 HPs)
             Began as a Minotaur Berserker on Nov 11, 2022.
             Was a Believer of Trog.
             Slain by a gnoll
             ... wielding a +0 halberd
              (9 damage)
             ... on level 2 of the Dungeon.
             The game lasted 00:02:06 (1191 turns).

MaxHasHax6295 the Chopper (Minotaur Berserker)      Turns: 1191, Time: 00:02:06

Health: 0/33       AC:  6    Str: 23    XL:     3   Next: 96%
Magic:  2/2        EV: 10    Int:  4    God:    Trog [**....]
Gold:   115        SH:  0    Dex:  9    Spells: 2/2 levels left

rFire   . . .      SeeInvis .   a - +0 hand axe
rCold   . . .      Faith    .   (no shield)
rNeg    . . .      Spirit   .   i - +0 scale mail
rPois   .          Reflect  .   (helmet restricted)
rElec   .          Harm     .   (no cloak)
rCorr   .          Rampage  .   (no gloves)
Will    ++...                   (no boots)
Stlth   ..........              (no amulet)
HPRegen 1.11/turn               (no ring)
MPRegen 0.08/turn               (no ring)

@: strong-willed, on berserk cooldown, regenerating, slowed, very slow
A: horns 2, retaliatory headbutt
a: Renounce Religion, Berserk, Trog's Hand


You were on level 2 of the Dungeon.
You worshipped Trog.
Trog was pleased with you.
You visited 1 branch of the dungeon, and saw 2 of its levels.

You collected 115 gold pieces.

Inventory:

Hand Weapons
 a - a +0 hand axe (weapon)
Armour
 i - a +0 scale mail (worn)
Jewellery
 f - an amulet of faith
Scrolls
 c - a scroll of vulnerability {unknown}
 g - 2 scrolls of identify {unknown}
Potions
 d - 2 potions of haste {unknown}
 e - 2 potions of heal wounds
 h - a potion of might {unknown}


   Skills:
 + Level 4.1 Fighting
 * Level 5.2 Axes
 + Level 2.9 Armour
 + Level 2.3 Dodging


You had 2 spell levels left.
You didn't know any spells.
Your spell library was empty.

Dungeon Overview and Level Annotations

Branches:
Dungeon (2/15)

Altars:

Shops:
D:1 *


Innate Abilities, Weirdness & Mutations

You have a pair of horns on your head.
You reflexively headbutt those who attack you in melee.


Message History

Trog accepts your kill. The gnoll hits you but does no damage.
Your Fighting skill increases to level 4!
Your Axes skill increases to level 5!
Items here: )) ††.
You slash the gnoll!
You kill the gnoll!
Trog accepts your kill.
Things that are here:
a +0 halberd; a gnoll corpse You feel a strong urge to attack something.
A gnoll comes into view. It is wielding a +0 halberd.
The gnoll shouts!
You are too injured to fight recklessly!
You feel your anger nearly subside.
You are no longer berserk.
You are exhausted.
You feel yourself slow down.
Things that are here:
a +0 halberd; a gnoll corpse The gnoll hits you from afar with a +0 halberd.
* * * LOW HITPOINT WARNING * * *
Items here: )) ††.
You see here 6 stones.
It was a potion of heal wounds.
You feel much better.
The gnoll hits you from afar with a +0 halberd!
The gnoll barely misses you.
Your skin crawls.
You feel strong-willed. The gnoll closely misses you.
The gnoll hits you with a +0 halberd. The gnoll hits you with a +0 halberd!
* * * LOW HITPOINT WARNING * * *
Items here: )) ††.
You are too injured to fight recklessly!
You are too injured to fight recklessly!
You are too injured to fight recklessly!
You are too injured to fight recklessly!
You closely miss the gnoll. You headbutt the gnoll.
The gnoll is lightly wounded.
The gnoll hits you with a +0 halberd!
You die...

#### ..# # #.#
#.#.#.###.#####
.........g@(..#
#.#.#.###.###.####
.. #.#......# #.
..#.#.##.# #
####.#.##.#
#...##.# #.####.#
#>####.# #......#


You could see a gnoll.

Vanquished Creatures
  3 gnolls (D:2)
  A dart slug (D:1)
  4 bats (D:1)
  4 endoplasms (D:1)
  A giant cockroach (D:1)
  5 goblins (D:1)
  3 hobgoblins (D:1)
  3 kobolds (D:1)
  2 quokkas (D:1)
  3 ball pythons (D:1)
  4 rats (D:1)
33 creatures vanquished.

Notes
Turn   | Place    | Note
-------+----------+-------------------------------------------
     0 | D:1      | MaxHasHax6295 the Minotaur Berserker began the quest for
                  | the Orb.
     0 | D:1      | Reached XP level 1. HP: 19/19 MP: 0/0
   147 | D:1      | Reached skill level 4 in Axes
   256 | D:1      | Reached XP level 2. HP: 27/27 MP: 1/1
   377 | D:1      | Found Miaxt's Assorted Antiques.
   544 | D:1      | Reached ** piety under Trog
   567 | D:1      | Noticed a floating eye
   571 | D:1      | Found a faded altar of an unknown god.
   575 | D:1      | Noticed a shining eye
   575 | D:1      | Noticed an eye of devastation
   575 | D:1      | Noticed a golden eye
   581 | D:1      | Reached XP level 3. HP: 31/33 MP: 2/2
  1179 | D:2      | Reached skill level 5 in Axes
  1191 | D:2      | Slain by a gnoll

Illustrated notes

Levels and vault maps discovered:
D:1:      dpeg_arrival_water_fire, layout_basic,
          hellmonk_ecumenical_altar_watching_god, serial_shops,
          nicolae_shop_overgrown_old_shop, serial_curves, eino_curves_02,
          eino_curves_04
D:2:      minmay_wonky_spiral, layout_loops_cross, kennysheep_cluttered_room,
          uniq_sigmund

Skill      XL: |  1  2  3 |
---------------+----------+-----
Axes           | 4 5 |  5.2
Fighting       | 4 |  4.1
Armour         | |  2.9
Dodging        | |  2.3

Action                   || total
-------------------------++-------
Melee: Hand axe          ||    61
       Headbutt          ||     9
Invok: Berserk           ||     1
       Trog's Hand       ||     1
  Use: Potion            ||     1
Armor: Animal skin       ||     3
       Scale mail        ||     3
Dodge: Dodged            ||    48
